 Dungeon Crawl Stone Soup version 0.28.0-53-g5a82cb258f (webtiles) character file.

Game seed: 206352523884582339

1622 Zeld the Thaumaturge (level 8, -5/41 HPs)
             Began as a Deep Elf Conjurer on May 24, 2022.
             Was an Initiate of Vehumet.
             Killed from afar by an electric eel (11 damage)
             ... with a bolt of electricity
             ... on level 5 of the Dungeon.
             The game lasted 00:07:51 (7275 turns).

Zeld the Thaumaturge (Deep Elf Conjurer)            Turns: 7275, Time: 00:07:51

Health: -5/41      AC:  4    Str:  4    XL:     8   Next: 65%
Magic:  24/24      EV: 12    Int: 26    God:    Vehumet [......]
Gold:   296        SH:  5    Dex: 13    Spells: 16/27 levels left

rFire   . . .      SeeInvis .   a - +3 quarterstaff (chaos)
rCold   . . .      Faith    .   (shield currently unavailable)
rNeg    . . .      Spirit   .   i - +0 robe
rPois   .          Reflect  +   (no helmet)
rElec   .          Harm     .   j - +1 cloak
rCorr   .          Rampage  .   (no gloves)
Will    .....                   (no boots)
Stlth   ++........              f - amulet of reflection
HPRegen 0.13/turn               n - ring of wizardry
MPRegen 0.19/turn               (no ring)

@: studying Summonings
A: no striking features
a: Renounce Religion


You were on level 5 of the Dungeon.
You worshipped Vehumet.
Vehumet was noncommittal.
You visited 2 branches of the dungeon, and saw 6 of its levels.

You collected 296 gold pieces.

Inventory:

Hand Weapons
 a - a +3 quarterstaff of chaos (weapon)
Armour
 i - a +0 robe (worn)
 j - a +1 cloak (worn)
Jewellery
 f - an amulet of reflection (around neck)
 n - a ring of wizardry (left hand)
Scrolls
 c - 2 scrolls of magic mapping {unknown}
 d - a scroll of fear {unknown}
 h - 3 scrolls of identify {unknown}
 k - a scroll of immolation {unknown}
 q - a scroll of enchant armour {unknown}
 s - a scroll of enchant weapon {unknown}
 t - a scroll of teleportation {unknown}
 v - a scroll of fog {unknown}
Potions
 b - a potion of magic {unknown}
 e - 2 potions of haste {unknown}
 g - 2 potions of mutation {unknown}
 l - 3 potions of attraction {unknown}
 m - a potion of curing {unknown}
 o - a potion of lignification {unknown}
 p - 2 potions of degeneration {unknown}
 r - a potion of resistance
 u - a potion of flight {unknown}


   Skills:
 - Level 2.4 Dodging
 - Level 2.4 Stealth
 + Level 10.2 Spellcasting
 + Level 9.4 Conjurations
 - Level 2.0 Hexes
 - Level 2.0 Translocations


You had 16 spell levels left.
You knew the following spells:

 Your Spells              Type           Power      Damage    Failure   Level
a - Magic Dart            Conj           100%       1d8       1%          1
b - Searing Ray           Conj           100%       2d8       1%          2
c - Fulminant Prism       Conj/Hex       21%        3d13      1%          4
d - Iskenderun's Mystic   Conj/Tloc      43%        2d10      1%          4

Your spell library contained the following spells:

 Spells                   Type           Power      Damage    Failure   Level
 Blink                    Tloc           46%        N/A       1%          2
 Dazzling Flash           Conj/Hex       86%        N/A       1%          3
 Manifold Assault         Tloc           23%        N/A       22%         5
 Storm Form               Tmut/Air       6%         N/A       100%        7


Dungeon Overview and Level Annotations

Branches:
Dungeon (5/15)             Temple (1/1) D:4

Altars:
Cheibriados
Dithmenos
Elyvilon
Fedhas
Gozag
Hepliaklqana
Makhleb
Nemelex Xobeh
Okawaru
Ru
Trog
Uskayaw
Vehumet
Wu Jian
Yredelemnul

Annotations:
D:4 Edmund


Message History

Confirm with . or Enter, or press ? or * to list all spells.
You erupt in a blast of force!
The mystic blast hits the scorpion zombie.
The scorpion zombie is heavily damaged.
The scorpion zombie is knocked back by the mystic blast.
The scorpion zombie slams into the rock wall!
The scorpion zombie is severely damaged.
Unknown command.
Found a club.
Casting: Iskenderun's Mystic Blast (dangerous; 1% risk of failure)
Confirm with . or Enter, or press ? or * to list all spells.
You erupt in a blast of force!
The mystic blast hits the scorpion zombie!
The scorpion zombie is almost destroyed.
The scorpion zombie is knocked back by the mystic blast.
The scorpion zombie slams into the rock wall!
You destroy the scorpion zombie!
Vehumet accepts your kill.
Casting: Iskenderun's Mystic Blast (dangerous; 1% risk of failure)
Confirm with . or Enter, or press ? or * to list all spells.
You can't see any susceptible monsters within range! (Use Z to cast anyway.) Key pressed, stopping explore.
You enter the shallow water.
Moving in this stuff is going to be slow.
You enter the shallow water.
Moving in this stuff is going to be slow.
A wight is nearby!
The electric eel shoots out a bolt of lightning at you!
The bolt of electricity hits the plant!
The plant begins to die.
The bolt of electricity hits you!
The electric eel shoots out a bolt of lightning at you!
The bolt of electricity hits you!
There is an open door here.
The electric eel shoots out a bolt of lightning at you!
The bolt of electricity hits the plant!
The bolt of electricity hits you!
The electric eel shoots out a bolt of lightning at you!
The bolt of electricity hits you!
* * * LOW HITPOINT WARNING * * *
The bolt of electricity hits you!
You die...

#....#......#.....#
...###........##########
....#.....#.###...≈≈≈≈≈##
........[##.##≈########≈##
............#≈##.....≈##.#
........#.###≈#...≈..S≈#.#
.........####.#....P.S≈#.#
.....[#.(#..#.#'..≈≈.≈≈#.#
......#.....#..#@.z≈)S##≈##
......).....##≈##########≈##
.............#≈≈# ...≈S##≈#
...........#.##≈# .P≈.≈S#.#
...........#..#.# ..≈(.≈#.#
...........#..#.# w.P.S≈#.#
..##....<..####.. .≈≈.S##'##
..##.......#
###.########...# ##
...........#
#.###......)..## ##.


You could see 3 electric eels and a wight.

Vanquished Creatures
  Grinder (D:5)
  Prince Ribbit (D:5)
  A yak (D:5)
  A steam dragon (D:4)
  A sky beast (D:5)
  An ice beast (D:5)
  An ogre (D:4)
  2 scorpions
  A wyvern zombie (D:5)
  A water moccasin skeleton (D:5)
  A howler monkey (D:5)
  Crazy Yiuf (D:2)
  An orc priest (D:3)
  3 iguanas (D:5)
  A scorpion zombie (D:5)
  2 orc wizards
  A hound skeleton (D:5)
  A mummy (D:3)
  8 adders
  3 gnolls (D:4)
  A shadow imp (D:5)
  An ufetubus (D:4)
  An adder skeleton (D:4)
  A dart slug (D:3)
  9 orcs
  4 endoplasms
  4 giant cockroaches
  3 goblins
  7 hobgoblins
  2 kobolds
  6 ball pythons
  4 bats
  5 frilled lizards
  2 rats
83 creatures vanquished.

Vanquished Creatures (others)
  4 plants (D:5)
4 creatures vanquished.

Grand Total: 87 creatures vanquished

Notes
Turn   | Place    | Note
-------+----------+-------------------------------------------
     0 | D:1      | Zeld the Deep Elf Conjurer began the quest for the Orb.
     0 | D:1      | Reached XP level 1. HP: 10/10 MP: 6/6
   264 | D:1      | Reached skill level 1 in Hexes
   306 | D:1      | Reached XP level 2. HP: 15/15 MP: 6/8
   309 | D:1      | Learned a level 2 spell: Searing Ray
   385 | D:1      | Reached skill level 1 in Translocations
  1056 | D:2      | Found a runed translucent door.
  1057 | D:2      | Noticed Crazy Yiuf
  1203 | D:2      | Reached XP level 3. HP: 19/19 MP: 4/9
  1623 | D:2      | Killed Crazy Yiuf
  1624 | D:2      | Reached skill level 4 in Spellcasting
  1624 | D:2      | Reached skill level 5 in Conjurations
  1624 | D:2      | Reached XP level 4. HP: 24/24 MP: 2/12
  1801 | D:3      | Found a faded altar of an unknown god.
  1871 | D:3      | Found a snail-covered altar of Cheibriados.
  2072 | D:3      | Found a bloodstained altar of Trog.
  2138 | D:3      | Reached XP level 5. HP: 12/28 MP: 10/14
  2141 | D:3      | Reached skill level 5 in Spellcasting
  2333 | D:3      | Found a sacrificial altar of Ru.
  2415 | D:3      | Found a burning altar of Makhleb.
  2642 | D:3      | Learned a level 4 spell: Fulminant Prism
  2647 | D:3      | Learned a level 4 spell: Iskenderun's Mystic Blast
  3045 | D:4      | Noticed an ogre
  3055 | D:4      | Killed an ogre
  3056 | D:4      | Reached XP level 6. HP: 32/32 MP: 1/16
  3220 | D:4      | Reached skill level 6 in Spellcasting
  3516 | D:4      | Found a staircase to the Ecumenical Temple.
  3525 | Temple   | Entered the Ecumenical Temple
  3736 | Temple   | Became a worshipper of Vehumet
  4106 | D:4      | Noticed Edmund
  4501 | D:4      | Noticed a steam dragon
  4511 | D:4      | Killed a steam dragon
  5445 | D:5      | Entered Level 5 of the Dungeon
  5550 | D:5      | Reached skill level 7 in Spellcasting
  5550 | D:5      | Reached XP level 7. HP: 33/36 MP: 8/19
  5704 | D:5      | Noticed Grinder
  5714 | D:5      | Noticed Prince Ribbit
  5717 | D:5      | Killed Grinder
  5718 | D:5      | Reached skill level 8 in Spellcasting
  6014 | D:5      | Noticed a yak
  6016 | D:5      | Reached XP level 8. HP: 17/41 MP: 7/22
  6208 | D:5      | Reached skill level 9 in Spellcasting
  6720 | D:5      | Killed Prince Ribbit
  6721 | D:5      | Reached skill level 10 in Spellcasting
  7005 | D:5      | Found a sparkling altar of Nemelex Xobeh.
  7005 | D:5      | Found an opulent altar of Gozag.
  7275 | D:5      | Killed from afar by an electric eel

Illustrated notes

Levels and vault maps discovered:
D:1:      saegor_arrival_simple_a, layout_basic
D:2:      layout_rooms, kennysheep_generic_room_3, uniq_crazy_yiuf_cottage
D:3:      layout_loops_ring, mainiacjoe_overflow_two_lobes, slow_altar_1,
          lightli_temple_of_fire, shapermc_ecumenical_altar_ellora
D:4:      nicolae_cairo_tiling_large, layout_layer_cave,
          minmay_temple_entry_ruins, kennysheep_decorative_pillar, uniq_edmund
D:5:      cheibrodos_two_vegetables, layout_cave_pools,
          grunt_temple_overflow_opulence, chequers_serial_rivers_large_a,
          minmay_manual_moon, uniq_grinder, uniq_prince_ribbit1
Temple:   compressed_dpeg_triangle_lava_temple

Skill      XL: |  1  2  3  4  5  6  7  8 |
---------------+-------------------------+-----
Hexes          | 1 2 |  2.0
Translocations | 1 2 |  2.0
Spellcasting   | 4 5 7 8 10 | 10.2
Conjurations   | 5 6 7 8 9 |  9.4
Dodging        | |  2.4
Stealth        | |  2.4

Action                   |  1- 3 |  4- 6 |  7- 9 || total
-------------------------+-------+-------+-------++-------
Melee: Unarmed           |     5 |       |       ||     5
       Quarterstaff      |       |    14 |    10 ||    24
 Cast: Magic Dart        |    59 |       |       ||    59
       Searing Ray       |     3 |    22 |    16 ||    41
       Iskenderun's Myst |       |     6 |    28 ||    34
Armor: Robe              |     4 |     3 |     8 ||    15
Dodge: Dodged            |    13 |    15 |    16 ||    44
Block: Other             |       |     6 |    11 ||    17
